 Dungeon Crawl Stone Soup version 0.31-a0-145-g046c7d2549 (webtiles) character file.

Game seed: 922959915926598500

168 NoAnimeNoLife the Trooper (level 5, -3/48 HPs)
             Began as a Ghoul Chaos Knight on June 7, 2023.
             Was a Plaything of Xom.
             Slain by Edmund
             ... wielding a +1 dire flail of holy wrath
              (14 damage)
             ... on level 4 of the Dungeon.
             The game lasted 00:01:39 (2131 turns).

NoAnimeNoLife the Trooper (Ghoul Chaos Knight)      Turns: 2131, Time: 00:01:39

Health: -3/48      AC:  5    Str: 18    XL:     5   Next: 49%
Magic:  4/4        EV: 16    Int:  7    God:    Xom [.....*]
Gold:   65         SH:  5    Dex:  8    Spells: 4/4 levels left

rFire   . .          .
                       - Unarmed
rCold   + . .        (no shield)
rNeg    + + +        a - +2 leather armour
rPois   ∞            (no helmet)
rElec   .            (no cloak)
rCorr   .            (no gloves)
SInv    .            (no boots)
Will    .....        e - amulet of reflection
Stlth   +            g - +5 ring of evasion
HPRegen 0.00/turn    (no ring)
MPRegen 0.09/turn

%: reflection
@: mighty, inhibited regen
A: claws 1, cold resistance 1, negative energy resistance 3, inhibited
regeneration, torment resistance 2, devour on kill
a: Renounce Religion


You were on level 4 of the Dungeon.
You worshipped Xom.
You were Xom's teddy bear.
You visited 1 branch of the dungeon, and saw 4 of its levels.

You collected 125 gold pieces.
You spent 60 gold pieces at shops.

Inventory:

Armour
 a - a +2 leather armour (worn)
Jewellery
 e - an amulet of reflection (around neck)
 g - a +5 ring of evasion (left claw)
Scrolls
 i - 3 scrolls of identify
 j - 3 scrolls of teleportation
 k - a scroll of immolation
 l - a scroll of fear
 m - a scroll of poison {unknown}
Potions
 c - 3 potions of curing
 d - 2 potions of might
 f - a potion of berserk rage {unknown}
 h - 2 potions of ambrosia
 n - 2 potions of degeneration {unknown}
 o - a potion of lignification {unknown}
Miscellaneous
 b - a piece from Xom's chessboard (15/15) (quivered)


   Skills:
 + Level 5.2 Fighting
 - Level 1.7 Armour
 - Level 0.8 Dodging
 + Level 5.1 Unarmed Combat


You had 4 spell levels left.
You didn't know any spells.
Your spell library contained the following spells:

 Spells                   Type           Power      Damage    Failure   Level
 Cigotuvi's Dreadful Rot  Necr/Pois/Air  0%         N/A       63%         2
 Dispel Undead            Necr           0%         3d6       99%         4
 Death Channel            Necr           0%         N/A       100%        6


Dungeon Overview and Level Annotations

Branches:
Dungeon (4/15)
 Temple: D:4-7

Altars:
Hepliaklqana
Xom

Shops:
D:2 ?

Annotations:
D:4 Edmund


Innate Abilities, Weirdness & Mutations

You are immune to poison.
You have sharp fingernails.
Your flesh is cold resistant. (rC+)
You are immune to negative energy. (rN+++)
You do not regenerate when monsters are visible.
You are immune to unholy pain and torment.
You thrive by killing the living.


Message History

You kill the hound!
Okay, then.
You feel very mighty all of a sudden.
You barely miss Edmund. Edmund hits you but does no damage.
You claw Edmund!
Edmund is moderately wounded.
Edmund barely misses you.
You closely miss Edmund. Your claw misses Edmund.
Edmund is moderately wounded.
Edmund hits you with a +1 dire flail of holy wrath.
You convulse.
You claw Edmund!
Edmund is heavily wounded.
Edmund hits you with a +1 dire flail of holy wrath!
You convulse.
You scratch Edmund.
Edmund is heavily wounded.
Edmund hits you but does no damage.
Unknown command.
You barely miss Edmund.
Edmund is heavily wounded.
Edmund hits you with a +1 dire flail of holy wrath.
You convulse.
You closely miss Edmund.
Edmund is heavily wounded.
Edmund hits you with a +1 dire flail of holy wrath.
You convulse.
You barely miss Edmund.
Edmund is heavily wounded.
Unknown command.
You claw Edmund!
Edmund is severely wounded.
You block Edmund's attack.
Unknown command.
You claw Edmund! Your claw misses Edmund.
Edmund is almost dead.
Edmund hits you with a +1 dire flail of holy wrath!
* * * LOW HITPOINT WARNING * * *
You convulse!
You die...

#.>...#.....[## ..
#.....##....... ##⌠#
#+###.....#########
.~^##.........##.....##
~.#.~ #.................
..~♣..#.................
...__.#...............##
#~__..⌠..#.....##...<.##
≈^...#@#########.....##
~^.♣ #@# .##.....#. ≈♣
#S# ........#. ..#
.........## ..+
.........## ...#
..........' ...#
..##.....## ....#
#.....## #.......


You could see Edmund and an adder.

Vanquished Creatures
  A hound (D:4)
  7 gnolls
  2 adders
  A worm (D:3)
  A dart slug (D:1)
  6 ball pythons
  2 bats
  3 endoplasms
  4 giant cockroaches
  2 goblins (D:2)
  2 hobgoblins
  2 jackals (D:1)
  2 quokkas (D:1)
  2 frilled lizards
  6 kobolds
  8 rats
51 creatures vanquished.

Notes
Turn   | Place    | Note
-------+----------+-------------------------------------------
     0 | D:1      | NoAnimeNoLife the Ghoul Chaos Knight began the quest for
                  | the Orb.
     0 | D:1      | Reached XP level 1. HP: 19/19 MP: 0/0
   114 | D:1      | Reached XP level 2. HP: 26/26 MP: 1/1
   339 | D:1      | XOM: silly message
   514 | D:1      | XOM: noise
   575 | D:1      | Reached XP level 3. HP: 29/33 MP: 2/2
   760 | D:2      | XOM: silly message
   761 | D:2      | Reached XP level 4. HP: 12/41 MP: 3/3
   953 | D:2      | XOM: 1-stop teleportation journey
   978 | D:2      | Found Xujem's Magic Scroll Boutique.
   985 | D:2      | Bought a scroll of fear for 40 gold pieces
   985 | D:2      | Bought a scroll of identify for 20 gold pieces
  1127 | D:2      | XOM: stat loss: -1 Dex (7/8)
  1761 | D:3      | XOM: swap monsters
  1764 | D:3      | Reached XP level 5. HP: 44/47 MP: 4/4
  1770 | D:3      | Reached skill level 5 in Fighting
  1776 | D:3      | XOM: cloud trail
  1780 | D:3      | Reached skill level 5 in Unarmed Combat
  1889 | D:3      | Found a faded altar of an unknown god.
  1948 | D:3      | Found a faded altar of an unknown god.
  1948 | D:3      | Found a hazy altar of Hepliaklqana.
  1950 | D:3      | Found a faded altar of an unknown god.
  2113 | D:4      | Found a shimmering altar of Xom.
  2114 | D:4      | Found a shimmering altar of Xom.
  2115 | D:4      | Found a shimmering altar of Xom.
  2115 | D:4      | Found a shimmering altar of Xom.
  2115 | D:4      | Noticed Edmund
  2131 | D:4      | Slain by Edmund

Illustrated notes

Levels and vault maps discovered:
D:1:      eino_arrival_cavern_d, layout_loops_ring
D:2:      layout_rooms, serial_shops, nicolae_shop_trees
D:3:      layout_loops_ring, nicolae_hepliaklqana_ecumenical_no_more, tso_altar,
          hellmonk_ecumenical_altar_inner_sanctum
D:4:      minmay_evil_eye, layout_gridville, jmf_multi_god_temple,
          xom_redecorated, nemelex_diamond_rough_becter, uniq_edmund

Skill      XL: |  1  2  3  4  5 |
---------------+----------------+-----
Fighting       | 4 5 |  5.2
Unarmed Combat | 4 5 |  5.1
Armour         | |  1.7
Dodging        | |  0.8

Action                     |  1- 3 |  4- 6 || total
---------------------------+-------+-------++-------
  Melee: Unarmed           |    86 |    83 ||   169
         Punch             |     1 |     2 ||     3
    Use: Potion            |     2 |     1 ||     3
         Scroll            |       |     3 ||     3
 Armour: Leather armour    |    17 |    10 ||    27
  Dodge: Dodged            |    65 |    31 ||    96
  Block: Other             |    19 |    20 ||    39
         Reflection        |       |     2 ||     2

Table legend: (Time is in decaauts)
 A = Elapsed time spent in this place.
 B = Non-inter-level travel time spent in this place.
 C = Inter-level travel time spent in this place.
 D = Time resting spent in this place.
 E = Time spent auto-exploring this place.
 F = Levels seen in this place.
 G = Mean time per level.
                   A        B        C        D        E       F      G
               +--------+--------+--------+--------+--------+-----+--------+
         Total |   2117 |   2013 |    104 |    116 |   1550 |   4 |  529.2 |
       Dungeon |   2117 |   2013 |    104 |    116 |   1550 |   4 |  529.2 |
               +--------+--------+--------+--------+--------+-----+--------+

Top non-repeatable levels by time:
     D:3: 719 daAuts
     D:1: 693 daAuts
     D:2: 627 daAuts
     D:4: 77 daAuts
